 Dungeon Crawl Stone Soup version 0.28.0 (webtiles) character file.

Game seed: 13444541164891009102

4944 bande the Cleaver (level 10, 0/61 HPs)
             Began as a Gargoyle Fighter on Feb 16, 2022.
             Slain by a yak (6 damage)
             ... on level 9 of the Dungeon on Feb 17, 2022.
             The game lasted 00:20:18 (11064 turns).

bande the Cleaver (Gargoyle Fighter)               Turns: 11064, Time: 00:20:18

Health: 0/61       AC: 23    Str: 21    XL:     10   Next: 52%
Magic:  0/10       EV:  7    Int: 11    God:
Gold:   510        SH:  7    Dex: 18    Spells: 9/9 levels left

rFire   x . .      SeeInvis .   a - +0 war axe
rCold   . . .      Faith    .   c - +1 buckler
rNeg    + . .      Spirit   +   h - +0 chain mail
rPois   ∞          Reflect  .   y - +2 hat of Edotol {rF- Will+ Int+3 Dex+5}
rElec   +          Harm     .   (no cloak)
rCorr   +          Rampage  .   m - +2 pair of gloves
Will    +....                   (no boots)
Stlth   ..........              l - amulet of guardian spirit
HPRegen 0.20/turn               e - ring of resist corrosion
MPRegen 0.12/turn               (no ring)

@: no status effects
A: sickness immunity, AC +7, negative energy resistance 1, electricity
resistance, torment resistance 1, petrification resistance, mutation resistance
1
a: no special abilities


You were on level 9 of the Dungeon.
You visited 1 branch of the dungeon, and saw 9 of its levels.

You collected 510 gold pieces.

Inventory:

Hand Weapons
 a - a +0 war axe (weapon)
 k - the +4 mace "Ripnis" {vorpal, rPois Str+3}
   (You found it on level 4 of the Dungeon)

   It inflicts extra damage upon your enemies.
   Str:       It affects your strength (+3).
   rPois:     It protects you from poison.
 t - a +2 vampiric battleaxe
Armour
 c - a +1 buckler (worn)
 h - a +0 chain mail (worn)
 m - a +2 pair of gloves (worn)
 s - a +1 helmet
 y - the +2 hat of Edotol (worn) {rF- Will+ Int+3 Dex+5}
   (You found it on level 8 of the Dungeon)

   Int:       It affects your intelligence (+3).
   Dex:       It affects your dexterity (+5).
   rF:        It makes you vulnerable to fire.
   Will:      It increases your willpower.
Jewellery
 e - a ring of resist corrosion (left hand)
 i - an amulet of faith
 l - an amulet of guardian spirit (around neck)
 v - an amulet of the acrobat
 D - the ring "Viczaqau" {*Slow Fly rF+++ rC+ Dex+6}
   (You found it on level 8 of the Dungeon)

   [ring of dexterity]

   Dex:       It affects your dexterity (+6).
   rF:        It renders you almost immune to fire.
   rC:        It protects you from cold.
   Fly:       It grants you flight.
   *Slow:     It may slow you when you take damage.
Wands
 b - a wand of flame (33)
 F - a wand of mindburst (4)
Scrolls
 f - 3 scrolls of enchant armour
 g - 2 scrolls of silence
 n - a scroll of fear
 q - 2 scrolls of blinking
 x - 2 scrolls of teleportation
Potions
 d - 2 potions of flight
 j - 2 potions of heal wounds
 o - 3 potions of haste
 p - a potion of resistance
 r - a potion of might
 u - a potion of curing {unknown}
 w - a potion of mutation
 z - a potion of magic {unknown}
 A - 2 potions of ambrosia
 B - a potion of brilliance {unknown}
 C - a potion of berserk rage
 E - a potion of cancellation {unknown}


   Skills:
 + Level 6.9 Fighting
 + Level 9.6 Axes
 + Level 8.1 Armour
 + Level 6.9 Shields
 * Level 3.8 Evocations


You had 9 spell levels left.
You didn't know any spells.
Your spell library was empty.

Dungeon Overview and Level Annotations

Branches:
Dungeon (9/15)             Temple (0/1) D:5
   Lair: D:8-11         Orc: D:9-12

Altars:
Dithmenos
Fedhas
Hepliaklqana
Kikubaaqudgha
Ru
Trog
Uskayaw
Xom
Zin
The Shining One
Beogh


Innate Abilities, Weirdness & Mutations

You are immune to sickness and miasma.
Your stone body is resilient. (AC +7)
You are immune to poison.
You resist negative energy. (rN+)
You are resistant to electric shocks. (rElec)
You are resistant to unholy torment.
You are immune to petrification.
You are somewhat resistant to further mutation.


Message History

You slash the yak!
The yak is heavily wounded.
The yak barely misses you.
You slash the yak!
The yak is severely wounded.
The yak gores you but does no damage.
You slash the yak!
You kill the yak!
You slash the yak!
The yak is moderately wounded.
You block the yak's attack.
You slash the yak!
The yak is severely wounded.
The yak gores you but does no damage.
You hit the yak.
The yak is severely wounded.
The yak gores you!
* * * LOW HITPOINT WARNING * * *
You slash the yak!
You kill the yak!
The yak gores you.
* * * LOW HITPOINT WARNING * * *
You hit the yak.
The yak is lightly wounded.
The yak gores you!
* * * LOW HITPOINT WARNING * * *
You barely miss the yak.
The yak is lightly wounded.
You block the yak's attack.
You hit the yak.
The yak is lightly wounded.
The yak gores you.
* * * LOW HITPOINT WARNING * * *
You hit the yak.
The yak is moderately wounded.
The yak gores you but does no damage.
You hit the yak but do no damage.
The yak is moderately wounded.
The yak gores you!
You die...

.##... .######........##
....######.................
...#.....#...............
...#.....#.............
...#.....#.......#...#
##.#.....#........#.#
#.'.....#.....#...#.....#
#.#.....#......#Y.#.....#
#.#.....#...#..@###.....#
#.#######....#..# #...#..
#.............### #.#...
########.....#...# #...#
#....#.....# ..#.
#.........[.#
#....#.....#..
#.....#...#...
#......###...#


You could see a yak.

Vanquished Creatures
  A troll (D:9)
  The ghost of HuGe the Chopper, an amateur MiBe of Trog (D:4)
  A hornet (D:9)
  A vampire (D:9)
  Sigmund (D:3)
  A shadow (D:9)
  A wraith (D:7)
  A wyvern (D:9)
  3 yaks (D:9)
  A steam dragon (D:9)
  3 water moccasins
  3 orc warriors
  2 sky beasts
  An ogre (D:6)
  A centaur (D:4)
  A phantom (D:6)
  2 kobold brigands
  5 bullfrogs
  A gnoll sergeant (D:8)
  A scorpion (D:5)
  A wyvern zombie (D:7)
  A water moccasin skeleton (D:4)
  2 howler monkeys
  A bullfrog zombie (D:7)
  4 centaur zombies
  A bullfrog skeleton (D:6)
  5 orc priests
  A centaur skeleton (D:5)
  A hound (D:5)
  4 iguanas
  An orc wizard (D:7)
  A hound zombie (D:5)
  A hound skeleton (D:5)
  A howler monkey zombie (D:8)
  9 gnolls
  8 adders
  A howler monkey skeleton (D:7)
  2 shadow imps
  3 white imps
  3 adder skeletons
  2 worms
  2 dart slugs (D:1)
  33 orcs
  6 bats
  2 bat skeletons (D:5)
  4 bat zombies (D:5)
  5 endoplasms
  7 giant cockroaches
  10 goblins
  6 hobgoblins
  4 jackals (D:4)
  19 kobolds
  3 quokkas
  6 ball pythons
  A frilled lizard (D:3)
  4 rats
197 creatures vanquished.

Notes
Turn   | Place    | Note
-------+----------+-------------------------------------------
     0 | D:1      | bande the Gargoyle Fighter began the quest for the Orb.
     0 | D:1      | Reached XP level 1. HP: 14/14 MP: 1/1
   108 | D:1      | Reached XP level 2. HP: 18/19 MP: 2/2
   358 | D:1      | Reached skill level 2 in Axes
   703 | D:1      | Found a faded altar of an unknown god.
   778 | D:1      | Reached XP level 3. HP: 19/24 MP: 3/3
  1606 | D:2      | Gained mutation: You are somewhat resistant to further
                  | mutation. [potion of mutation]
  2346 | D:3      | Reached XP level 4. HP: 25/29 MP: 4/4
  2528 | D:3      | Reached skill level 3 in Axes
  2719 | D:3      | Noticed Sigmund
  2725 | D:3      | Reached XP level 5. HP: 27/33 MP: 5/5
  2730 | D:3      | Killed Sigmund
  2731 | D:3      | Reached skill level 4 in Axes
  2731 | D:3      | Reached XP level 6. HP: 29/38 MP: 6/6
  2850 | D:3      | Found a hide-covered altar of Uskayaw.
  2881 | D:3      | Found a glowing silver altar of Zin.
  2922 | D:3      | Found a bloodstained altar of Trog.
  3261 | D:4      | Identified the +4 mace "Ripnis" {vorpal, rPois Str+3}
  3717 | D:4      | Found a blossoming altar of Fedhas.
  4051 | D:4      | Reached XP level 7. HP: 44/44 MP: 7/7
  4072 | D:4      | Found a blossoming altar of Fedhas.
  4078 | D:4      | Reached skill level 5 in Axes
  4464 | D:5      | Entered Level 5 of the Dungeon
  4877 | D:5      | Found a staircase to the Ecumenical Temple.
  4949 | D:5      | Reached skill level 5 in Armour
  4992 | D:5      | Reached skill level 5 in Fighting
  5155 | D:5      | Found an ancient bone altar of Kikubaaqudgha.
  5277 | D:5      | Reached skill level 6 in Axes
  5277 | D:5      | Reached XP level 8. HP: 38/49 MP: 6/8
  5339 | D:5      | Found a shadowy altar of Dithmenos.
  5393 | D:5      | Found a runed translucent gate.
  5393 | D:5      | Found a runed translucent gate.
  5394 | D:5      | Found a runed translucent gate.
  5394 | D:5      | Noticed HuGe's ghost (amateur MiBe)
  5446 | D:5      | Found a hazy altar of Hepliaklqana.
  6019 | D:4      | Killed HuGe's ghost
  6020 | D:4      | Reached skill level 5 in Shields
  7072 | D:6      | Found a sacrificial altar of Ru.
  7221 | D:6      | Reached skill level 7 in Axes
  7539 | D:6      | Reached XP level 9. HP: 48/55 MP: 7/9
  8487 | D:7      | Reached skill level 8 in Axes
  8487 | D:7      | Reached skill level 1 in Evocations
  8843 | D:7      | Identified the +4 mace of Diofregu {pain, Int+3}
  9015 | D:7      | Found a glowing golden altar of the Shining One.
  9478 | D:8      | Identified the +2 hat of Edotol {rF- Will+ Int+3 Dex+5}
 10141 | D:8      | Found a shimmering altar of Xom.
 10213 | D:8      | Identified the ring "Viczaqau" {*Slow Fly rF+++ rC+ Dex+6}
 10443 | D:9      | Reached XP level 10. HP: 29/61 MP: 5/10
 10630 | D:9      | Reached skill level 9 in Axes
 11064 | D:9      | Slain by a yak

Illustrated notes

Levels and vault maps discovered:
D:1:      psy_arrival_spokes, layout_loops_ring,
          hellmonk_ecumenical_altar_arch_garden
D:2:      layout_loops_cross, hangedman_decor_slide_cut
D:3:      layout_basic, trog_hazing_becter, mainiacjoe_overflow_two_lobes,
          uniq_sigmund
D:4:      layout_loops_ring, amcnicky_altar_gilded, minmay_ruined_shrine
D:5:      layout_rooms, mainiacjoe_overflow_alcove_4,
          nicolae_dithmenos_shadow_blocks, kennysheep_vampire_church,
          minmay_temple_entry_slanted, biasface_ghost_orc_armoury,
          chequers_serial_rivers_room_a, minmay_hedge_maze
D:6:      layout_basic, overflow_temple_1_default
D:7:      layout_cave_pods, overflow_temple_1_default
D:8:      layout_loops_ring, tgw_xom
D:9:      nzn_winding_woodlands_stair_cross
          [nzn_winding_woodlands_5x15_concentric,
          nzn_winding_woodlands_center_diamonds, nzn_winding_woodlands_5x15_eye,
          nzn_winding_woodlands_5x5_three, nzn_winding_woodlands_hourglass,
          nzn_winding_woodlands_5x15_lazy_stream,
          nzn_winding_woodlands_center_triple_pond,
          nzn_winding_woodlands_5x15_pool], layout_irregular_city,
          grunt_temple_overflow_opulence, david_lair_shrubbed,
          minmay_splitting_lines, hangedman_glass_teeth,
          chequers_serial_rivers_small_a, minivault_16, uniq_pikel

Skill      XL: |  1  2  3  4  5  6  7  8  9 10 |
---------------+-------------------------------+-----
Axes           | 2 3 4 6 7 8 9 |  9.6
Fighting       | 4 5 6 |  6.9
Armour         | 4 5 6 7 8 |  8.1
Shields        | 4 5 6 |  6.9
Evocations     | 2 3 |  3.8

Action                   |  1- 3 |  4- 6 |  7- 9 | 10-12 || total
-------------------------+-------+-------+-------+-------++-------
Melee: War axe           |    98 |   125 |   444 |    97 ||   764
  Use: Scroll            |     5 |     3 |     7 |     1 ||    16
       Potion            |     1 |     1 |     1 |     2 ||     5
Armor: Scale mail        |    65 |    18 |       |       ||    83
       Chain mail        |       |    83 |   390 |    62 ||   535
Dodge: Dodged            |    50 |    49 |   185 |    42 ||   326
Block: Buckler           |    29 |    52 |   171 |    56 ||   308
